 Dungeon Crawl Stone Soup version 0.22-a0-608-g8a62e23 (webtiles) character file.

157 Mamutox the Skirmisher (level 5, 25/42 HPs)
             Began as a Demonspawn Monk on July 9, 2018.
             Quit the game on level 3 of the Dungeon.
             The game lasted 00:09:31 (2938 turns).

Mamutox the Skirmisher (Demonspawn Monk)            Turns: 2938, Time: 00:09:31

Health: 25/42      AC:  5    Str: 15    XL:     5   Next: 15%
Magic:  5/5        EV: 13    Int: 12    God:
Gold:   150        SH:  0    Dex: 17    Spells: 4/4 levels left

rFire    . . .     SeeInvis .   a - +0 hand axe
rCold    . . .     Gourm    .   (no shield)
rNeg     . . .     Faith    .   r - +2 robe {MR+}
rPois    .         Spirit   .   (no helmet)
rElec    .         Reflect  .   (no cloak)
rCorr    .         Harm     .   (no gloves)
MR       +....                  l - +0 pair of boots
Stlth    +++.......             (no amulet)
HPRegen  0.14/turn              i - +3 ring of strength
MPRegen  0.09/turn              k - ring of wizardry

@: no status effects
A: hooves 2, thin skeletal structure 1
a: no special abilities


You were on level 3 of the Dungeon.
You were not hungry.

You visited 1 branch of the dungeon, and saw 3 of its levels.

You collected 150 gold pieces.

Inventory:

Hand Weapons
 a - a +0 hand axe (weapon)
Missiles
 m - 115 stones
 o - 26 poisoned needles
 u - 8 tomahawks (quivered)
Armour
 b - a +0 robe
 f - a +0 ring mail
 l - a +0 pair of boots (worn)
 r - a +2 robe of magic resistance (worn)
 v - a +0 scale mail
Jewellery
 i - a +3 ring of strength (left hand)
 k - a ring of wizardry (right hand)
Scrolls
 g - 2 scrolls of remove curse {unknown}
 j - a scroll of enchant weapon {unknown}
 n - 3 scrolls of amnesia {unknown}
 w - a scroll of teleportation {unknown}
Potions
 d - 3 potions of brilliance {unknown}
 e - 2 potions of cancellation {unknown}
 h - a potion of resistance {unknown}
 p - 2 potions of ambrosia {unknown}
 q - 3 potions of flight {unknown}
 s - 2 potions of curing {unknown}
 x - a potion of invisibility {unknown}
Comestibles
 c - 6 rations
 t - 3 chunks of flesh


   Skills:
 + Level 4.2 Fighting
 + Level 3.7 Axes
 - Level 2.4 Armour
 - Level 2.6 Dodging
 - Level 1.7 Stealth


You had 4 spell levels left.
You didn't know any spells.
Your spell library was empty.

Dungeon Overview and Level Annotations

Branches:
Dungeon (3/15)

Altars:
Xom
Yredelemnul


Innate Abilities, Weirdness & Mutations

You have hoof-like feet.
You have a somewhat thin skeletal structure. (Dex +2, Stealth)


Message History

Okay, then.
You start resting.
The howler monkey is too close now for your liking.
The howler monkey howls!
The howler monkey hoots and howls with incredible vigour!
You closely miss the howler monkey. The howler monkey hits you.
You hit the howler monkey.
The howler monkey is moderately wounded.
The howler monkey hoots and howls with incredible vigour!
The howler monkey barely misses you.
You slash the howler monkey!
The howler monkey is severely wounded.
The howler monkey hoots and howls with incredible vigour!
You slash the howler monkey!
You kill the howler monkey!
You have reached level 5!
Your demonic ancestry asserts itself...
Your bones become slightly less dense.
Unknown command.
Are you sure you want to abandon this character and quit the game? (Confirm with "yes".)

######### #........ ####
#.######. w...# #.# #. ##...
##################.# #.
#...(.#hK(((.(..(o.......# #†
#.#...#.#######################.
...............@................
....#.#.##.....################.
.. .'.#.##.....# #...........
...# #.##...%.# #.######....
.... ..##.....# #.##.......# ...
####.....# #.##.......# ..
#.....# #.##.......# #######
#.##.......# #.##.......#


There were no monsters in sight!

Vanquished Creatures
  A howler monkey (D:3)
  Jessica (D:2)
  An adder (D:2)
  4 worms
  4 leopard geckos
  6 orcs (D:3)
  6 bats
  A giant cockroach (D:2)
  12 goblins
  8 hobgoblins
  3 jackals (D:1)
  A quokka (D:3)
  A ball python (D:2)
  4 frilled lizards
  6 kobolds
  4 rats
63 creatures vanquished.

Notes
Turn   | Place    | Note
-------+----------+-------------------------------------------
     0 | D:1      | Mamutox the Demonspawn Monk began the quest for the Orb.
     0 | D:1      | Reached XP level 1. HP: 18/18 MP: 1/1
   261 | D:1      | Reached skill level 1 in Armour
   261 | D:1      | Gained mutation: You have large cloven feet. [demonic ancestry]
   261 | D:1      | Reached XP level 2. HP: 14/24 MP: 2/2
   936 | D:2      | Gained mutation: You have hoof-like feet. [demonic ancestry]
   936 | D:2      | Reached XP level 3. HP: 26/29 MP: 3/3
  1412 | D:2      | Found a shimmering altar of Xom.
  1474 | D:2      | Noticed Jessica
  1492 | D:2      | Killed Jessica
  1492 | D:2      | Reached XP level 4. HP: 26/36 MP: 4/4
  1897 | D:2      | Found a basalt altar of Yredelemnul.
  2879 | D:3      | Reached skill level 4 in Fighting
  2932 | D:3      | Gained mutation: You have a somewhat thin skeletal structure. (Dex +2, Stealth) [demonic ancestry]
  2932 | D:3      | Reached XP level 5. HP: 25/42 MP: 5/5
  2938 | D:3      | Quit the game

Vault maps used:
D:1:      ncdulo_lavacross
D:2:      overflow_temple_1_default, overflow_temple_1_default, first_ration,
          minmay_pentomino_o2, uniq_jessica
D:3:      uniq_sigmund

Skill      XL: |  1  2  3  4 |
---------------+-------------+-----
Armour         | 1 2 |  2.4
Axes           | 3 |  3.7
Fighting       | 4 |  4.2
Dodging        | |  2.6
Stealth        | |  1.7

Action                   |  1- 3 |  4- 6 || total
-------------------------+-------+-------++-------
Melee: Hand axe          |   137 |   111 ||   248
       Kick              |     2 |       ||     2
 Stab: Sleeping          |     3 |     4 ||     7
       Distracted        |       |     1 ||     1
  Eat: Chunk             |     2 |     5 ||     7
Armor: Robe              |    28 |    20 ||    48
       Ring mail         |     4 |       ||     4
Dodge: Dodged            |   119 |    63 ||   182

Table legend:
 A = Spawn XP
 B = Non-spawn XP
 C = Spawn XP percentage of total XP
 D = Spawn monster count
 E = Non-spawn monster count
 F = Spawn count percentage of total count
 G = Total turns spent on level
                    A         B        C        D         E        F      G
               +---------+---------+-------+---------+---------+-------+---------
         Total |       0 |     225 |   0.0 |       0 |      63 |   0.0 |  2938
               +---------+---------+-------+---------+---------+-------+---------
           D:1 |       0 |      30 |   0.0 |       0 |      18 |   0.0 |   741
           D:2 |       0 |     100 |   0.0 |       0 |      27 |   0.0 |  1353
           D:3 |       0 |      95 |   0.0 |       0 |      18 |   0.0 |   844
               +---------+---------+-------+---------+---------+-------+---------
